 Dungeon Crawl Stone Soup version 0.31-a0-675-g238779eb0a (webtiles) character file.

Game seed: 4813852906079215486

161 qw the Shooter (level 5, -2/32 HPs)
             Began as a Gargoyle Hunter on Sept 5, 2023.
             Slain by Edmund
             ... wielding a +3 flail of protection
              (6 damage)
             ... on level 4 of the Dungeon.
             The game lasted 00:01:01 (2820 turns).

qw the Shooter (Gargoyle Hunter)                    Turns: 2820, Time: 00:01:02

Health: -2/32      AC: 10    Str: 15    XL:     5   Next: 42%
Magic:  5/5        EV: 11    Int:  9    God:
Gold:   179        SH:  0    Dex: 15    Spells: 4/4 levels left

rFire   . . .        Y - +0 shortbow
rCold   . . .        (shield currently unavailable)
rNeg    + . .        b - +0 ring mail
rPois   inf          g - +1 hat
rElec   +            (no cloak)
rCorr   .            (no gloves)
SInv    .            (no boots)
Will    .....        (no amulet)
Stlth   +            (no ring)
HPRegen 0.25/turn    (no ring)
MPRegen 0.09/turn

%: no passive effects
@: no status effects
A: sickness immunity, AC +4, negative energy resistance 1, electricity
resistance, torment resistance 1, petrification resistance
a: no special abilities


You were on level 4 of the Dungeon.
You visited 1 branch of the dungeon, and saw 4 of its levels.

You collected 179 gold pieces.


Innate Abilities, Weirdness & Mutations

You are immune to sickness and miasma.
Your stone body is resilient. (AC +4)
You are immune to poison.
You resist negative energy. (rN+)
You are resistant to electric shocks. (rElec)
You are resistant to unholy torment.
You are immune to petrification.


   Skills:
 + Level 3.0 Fighting
 - Level 6.0 Ranged Weapons
 - Level 1.1 Armour
 - Level 1.5 Dodging
 - Level 1.1 Stealth


You had 4 spell levels left.
You didn't know any spells.
Your spell library was empty.

Inventory:

Hand Weapons
 Y - a +0 shortbow (weapon)
Armour
 b - a +0 ring mail (worn)
 g - a +1 hat (worn)
Scrolls
 a - a scroll of identify
Potions
 d - a potion of cancellation
 e - 2 potions of curing
 f - a potion of might {unknown}
 h - a potion of degeneration {unknown}
 i - a potion of enlightenment {unknown}
 j - a potion of brilliance {unknown}
 k - a potion of ambrosia {unknown}
 l - a potion of attraction {unknown}

Dungeon Overview and Level Annotations

Branches:
Dungeon (4/15)             Temple (0/1) D:4

Altars:

Shops:
D:2 (

Annotations:
D:3 1 runed translucent door, Crazy Yiuf
D:4 Edmund


Message History

The arrow hits Edmund but does no damage.
Edmund is lightly wounded.
Edmund closely misses you.
Edmund hits you with a +3 flail of protection!
You shoot an arrow. The arrow barely misses Edmund.
Edmund closely misses you.
You shoot an arrow. The arrow barely misses Edmund.
Edmund hits you with a +3 flail of protection.
You shoot an arrow.
The arrow hits Edmund but does no damage.
Edmund is lightly wounded.
Edmund hits you but does no damage.
You shoot an arrow. The arrow hits Edmund.
Edmund is moderately wounded.
Edmund hits you with a +3 flail of protection.
You shoot an arrow. The arrow closely misses Edmund.
Edmund hits you with a +3 flail of protection.
Edmund hits you but does no damage.
2815 ||| DRINKING potion of heal wounds.
You feel much better. Edmund closely misses you.
You shoot an arrow. The arrow closely misses Edmund.
You hear a shout!
Edmund hits you with a +3 flail of protection.
You shoot an arrow. The arrow barely misses Edmund.
Edmund hits you with a +3 flail of protection.
You shoot an arrow. The arrow closely misses Edmund.
Edmund hits you with a +3 flail of protection.
You shoot an arrow. The arrow barely misses Edmund.
You hear a shout!
Edmund hits you with a +3 flail of protection.
The orc priest looks satisfied for a moment.
You shoot an arrow. The arrow hits Edmund.
Edmund is moderately wounded.
Edmund barely misses you.
The orc priest calls down the wrath of Beogh upon you.
Beogh smites you!
Edmund hits you with a +3 flail of protection.
You die...
Edmund says, "That'll show my brother!"

...# .>...#. g.J....
.....#. ....... .#.#?#. #
.....o. ####.####
#...##.....^.. #..#@# ###
##o@.# ..# ##..# #
#########.# ##.### .#
..#.......######...#+#.##
#[#.##........(..........
....##.#.................
#.####.###.######......#.
#.............###.....##


You could see Edmund and an orc priest.

Vanquished Creatures
  An orc priest (D:3)
  A hound (D:4)
  An adder (D:2)
  2 worms
  2 dart slugs (D:2)
  3 orcs (D:3)
  9 endoplasms
  3 giant cockroaches
  8 goblins
  7 hobgoblins
  2 jackals (D:1)
  8 ball pythons
  11 bats
  2 frilled lizards
  9 kobolds
  10 rats
79 creatures vanquished.

Notes
Turn   | Place    | Note
-------+----------+-------------------------------------------
     0 | D:1      | qw the Gargoyle Hunter began the quest for the Orb.
     0 | D:1      | Reached XP level 1. HP: 12/12 MP: 1/1
     0 | D:1      | 0 ||| qw: Version: 0.3-a-75-gb5c8c4b
     0 | D:1      | 0 ||| qw: Game counter: 20
     0 | D:1      | 0 ||| qw: Melee chars always use a shield: true
     0 | D:1      | 0 ||| qw: God list: Okawaru
     0 | D:1      | 0 ||| qw: Allow faded altars: false
     0 | D:1      | 0 ||| qw: Do Orc after clearing Dungeon:15 true
     0 | D:1      | 0 ||| qw: Do second Lair branch before Depths: true
     0 | D:1      | 0 ||| qw: Lair rune preference: random
     0 | D:1      | 0 ||| qw: Goals: Normal
     0 | D:1      | 0 ||| PLANNING D:1-11
    48 | D:1      | Reached XP level 2. HP: 17/17 MP: 2/2
    72 | D:1      | You fall into a shaft and drop 1 floor!
   101 | D:2      | Reached skill level 5 in Ranged Weapons
   101 | D:2      | Reached XP level 3. HP: 17/21 MP: 3/3
   149 | D:2      | Found Ytax Udu's Antique Weapon Emporium.
   161 | D:2      | 161 ||| SHOPLISTING runed sling (121 gold, have 6).
   363 | D:2      | 363 ||| READING scroll labelled GELAPL CIRYCOM.
   364 | D:2      | 364 ||| DRINKING 2 glowing amethyst potions.
   365 | D:2      | 365 ||| DROPPING scroll of butterflies.
   537 | D:1      | Reached skill level 3 in Fighting
   568 | D:1      | Found a faded altar of an unknown god.
   802 | D:1      | Reached XP level 4. HP: 28/28 MP: 4/4
  1108 | D:1      | 1108 ||| UPGRADING to +0 ring mail.
  1118 | D:1      | 1118 ||| DROPPING +0 leather armour.
  1119 | D:1      | 1119 ||| UPGRADING to +1 hat.
  1124 | D:1      | 1124 ||| READING scroll labelled ZARIL FUWUARCH.
  1125 | D:1      | 1125 ||| READING scroll labelled JUYNEDE AJAOTI.
  1128 | D:1      | 1128 ||| READING scroll labelled ROSHUZ ZENOKK.
  1129 | D:1      | 1129 ||| READING scroll labelled NOPAORH FAEJ.
  1804 | D:2      | 1804 ||| READING 3 scrolls of identify.
  1804 | D:2      | 1804 ||| IDENTIFYING fuming orange potion
  1805 | D:2      | 1805 ||| READING 2 scrolls of identify.
  1805 | D:2      | 1805 ||| IDENTIFYING emerald potion
  1854 | D:3      | Reached skill level 1 in Armour
  1919 | D:3      | Reached XP level 5. HP: 10/32 MP: 5/5
  2490 | D:3      | Found a runed translucent door.
  2491 | D:3      | Noticed Crazy Yiuf
  2582 | D:3      | 2582 ||| READING scroll labelled ZOIJUSHR AGOUSAOG.
  2628 | D:4      | Reached skill level 6 in Ranged Weapons
  2673 | D:4      | Noticed Edmund
  2682 | D:4      | HP: 7/32 [Edmund/+3 flail of protection (2)]
  2683 | D:4      | 2683 ||| READING scroll of teleportation.
  2684 | D:4      | 2684 ||| DRINKING 2 potions of heal wounds.
  2803 | D:4      | Found a staircase to the Ecumenical Temple.
  2804 | D:4      | 2804 ||| PLANNING TEMPLE
  2806 | D:4      | 2806 ||| Stepping ~*~*~tactically~*~*~ (retreating).
  2808 | D:4      | 2808 ||| Stepping ~*~*~tactically~*~*~ (retreating).
  2814 | D:4      | HP: 8/32 [Edmund/+3 flail of protection (4)]
  2815 | D:4      | 2815 ||| DRINKING potion of heal wounds.
  2820 | D:4      | HP: 4/32 [orc priest/divine providence (13)]
  2820 | D:4      | Slain by Edmund

Levels and vault maps discovered:
D:1:      dpeg_arrival_round_c, layout_basic, basic_ecumenical_altar
D:2:      layout_basic, serial_shops, nicolae_shop_tiny_waterfront,
          kennysheep_generic_room_2
D:3:      layout_loops_ring, roderic_roman_lattice, kennysheep_generic_room_15,
          uniq_crazy_yiuf_cottage
D:4:      layout_basic, nicolae_overflow_hallway_of_the_gods,
          minmay_temple_entry_glass, serial_park_tiny_1, nicolae_eternal_life,
          chequers_avenue, uniq_edmund, uniq_blork_the_orc, uniq_eustachio

Skill      XL: |  1  2  3  4  5 |
---------------+----------------+-----
Ranged Weapons | 5 6 |  6.0
Fighting       | 3 |  3.0
Armour         | 1 |  1.1
Dodging        | |  1.5
Stealth        | |  1.1

Action                     |  1- 3 |  4- 6 || total
---------------------------+-------+-------++-------
   Fire: Shortbow          |   120 |   122 ||   242
    Use: Scroll            |     1 |     8 ||     9
         Potion            |     1 |     2 ||     3
 Armour: Leather armour    |    22 |       ||    22
         Ring mail         |       |    37 ||    37
  Dodge: Dodged            |    21 |    20 ||    41

Table legend:
 A = Non-vault XP
 B = Vault XP
 C = Vault XP percentage of total XP
 D = Non-vault monster count
 E = Vault monster count
 F = Vault count percentage of total count
                 A         B        C        D         E       F
            +---------+---------+-------+---------+---------+-------
      Total |     211 |      20 |   8.7 |      75 |       4 |   5.1
            +---------+---------+-------+---------+---------+-------
        D:1 |      47 |       0 |   0.0 |      31 |       0 |   0.0
        D:2 |      40 |      18 |  31.0 |      23 |       3 |  11.5
        D:3 |      78 |       2 |   2.5 |      18 |       1 |   5.3
        D:4 |      46 |       0 |   0.0 |       3 |       0 |   0.0
            +---------+---------+-------+---------+---------+-------
